 Dungeon Crawl Stone Soup version 0.28.0 (webtiles) character file.

Game seed: 7545921370520968276

13031 raph the Geomancer (level 12, 0/71 HPs)
             Began as a Gargoyle Earth Elementalist on Feb 15, 2022.
             Was an Elder of Sif Muna.
             Slain by a blink frog (10 damage)
             ... on level 2 of the Lair of Beasts.
             The game lasted 00:23:44 (16787 turns).

raph the Geomancer (Gargoyle Earth Elementalist)   Turns: 16787, Time: 00:23:44

Health: 0/71       AC: 25    Str: 11    XL:     12   Next: 1%
Magic:  12/27      EV: 11    Int: 22    God:    Sif Muna [****..]
Gold:   383        SH:  0    Dex: 10    Spells: 1/19 levels left

rFire   . . .      SeeInvis .   a - +4 morningstar (protect)
rCold   . . .      Faith    +   (no shield)
rNeg    + + .      Spirit   .   v - +2 swamp dragon scales
rPois   ∞          Reflect  .   l - +0 helmet
rElec   +          Harm     .   (no cloak)
rCorr   .          Rampage  .   m - +0 pair of gloves
Will    .....                   H - +0 pair of boots
Stlth   +.........              q - amulet of faith
HPRegen 0.21/turn               b - ring of magical power
MPRegen 0.20/turn               I - ring of positive energy

@: ice-armoured
A: sickness immunity, AC +8, negative energy resistance 1, electricity
resistance, torment resistance 1, petrification resistance
a: Renounce Religion, Channel Magic, Forget Spell, Divine Exegesis


You were on level 2 of the Lair of Beasts.
You worshipped Sif Muna.
Sif Muna was greatly pleased with you.
You visited 3 branches of the dungeon, and saw 13 of its levels.

You collected 704 gold pieces.
You spent 321 gold pieces at shops.

Inventory:

Hand Weapons
 a - a +4 morningstar of protection (weapon)
 g - a +0 mace
 n - a +0 quarterstaff
 o - a +3 mace of freezing
Missiles
 d - 19 poisoned darts
 E - 4 throwing nets
Armour
 l - a +0 helmet (worn)
 m - a +0 pair of gloves (worn)
 v - +2 swamp dragon scales (worn)
 H - a +0 pair of boots (worn)
Jewellery
 b - a ring of magical power (left hand)
 q - an amulet of faith (around neck)
 I - a ring of positive energy (right hand)
Wands
 c - a wand of charming (4)
 e - a wand of paralysis (15)
 p - a wand of acid (9)
 t - a wand of flame (47)
 w - a wand of iceblast (18)
 y - a wand of polymorph (15)
 J - a wand of mindburst (2)
Scrolls
 f - 4 scrolls of teleportation
 A - 6 scrolls of immolation
 D - a scroll of fog
Potions
 h - 2 potions of ambrosia
 i - a potion of magic
 j - 8 potions of curing
 k - 2 potions of might
 r - 3 potions of attraction
 s - a potion of mutation
 u - a potion of flight
 x - a potion of invisibility
 z - a potion of heal wounds {unknown}
 C - 2 potions of haste
Miscellaneous
 F - a condenser vane (inert)


   Skills:
 - Level 6.5 Fighting
 - Level 6.2 Maces & Flails
 - Level 3.9 Armour
 - Level 5.3 Dodging
 - Level 2.1 Stealth
 - Level 4.3 Spellcasting
 - Level 8.4 Conjurations
 + Level 2.6 Necromancy
 - Level 0.7 Transmutations
 - Level 3.6 Ice Magic
 + Level 11.6 Earth Magic
 - Level 6.6 Invocations


You had one spell level left.
You knew the following spells:

 Your Spells              Type           Power      Damage    Failure   Level
a - Sandblast             Erth           100%       2d20      1%          1
b - Passwall              Tmut/Erth      26%        N/A       3%          2
c - Stone Arrow           Conj/Erth      98%        3d13      1%          3
d - Ozocubu's Armour      Ice            20%        N/A       17%         3
e - Petrify               Tmut/Erth      32%        N/A       19%         4
f - Borgnjor's Vile Clut  Necr/Erth      18%        N/A       34%         5

Your spell library contained the following spells:

 Spells                   Type           Power      Damage    Failure   Level
 Pain                     Necr           64%        1d7       9%          1
 Leda's Liquefaction      Hex/Erth       15%        N/A       22%         4
 Iron Shot                Conj/Erth      24%        9d5       52%         6
 Gell's Gravitas          Tloc           4%         N/A       58%         3
 Lesser Beckoning         Tloc           4%         N/A       58%         3
 Teleport Other           Tloc           4%         N/A       58%         3
 Agony                    Necr           16%        N/A       92%         5
 Excruciating Wounds      Necr           8%         N/A       92%         5
 Metabolic Englaciation   Hex/Ice        6%         N/A       97%         5
 Alistair's Intoxication  Tmut/Pois      4%         N/A       99%         5
 Eringya's Noxious Bog    Tmut/Pois      3%         N/A       100%        6
 Simulacrum               Ice/Necr       9%         N/A       100%        6


Dungeon Overview and Level Annotations

Branches:
Dungeon (10/15)            Temple (1/1) D:4            Lair (2/6) D:10
 Shoals (0/4) Lair:2          Orc (0/2) D:9
  Snake: Lair:2-4    Spider: Lair:2-4

Altars:
Ashenzari
Cheibriados
Dithmenos
Elyvilon
Fedhas
Gozag
Hepliaklqana
Kikubaaqudgha
Makhleb
Nemelex Xobeh
Okawaru
Qazlal
Ru
Sif Muna
Trog
Uskayaw
Vehumet
Wu Jian
Xom
Yredelemnul
Zin
The Shining One

Shops:
D:5 (

Annotations:
D:3 2 transporters, Jazqba's ghost, amateur TrHu
D:4 2 transporters, Steelback's ghost, novice HOFi
D:9 3 runed translucent doors, Crownlay's ghost, journeyman GrEE


Innate Abilities, Weirdness & Mutations

You are immune to sickness and miasma.
Your stone body is resilient. (AC +8)
You are immune to poison.
You resist negative energy. (rN+)
You are resistant to electric shocks. (rElec)
You are resistant to unholy torment.
You are immune to petrification.


Message History

Press: ? - help, Shift-Dir - straight line, f/p - blink frog
Aim: a blink frog (57% to hit)
The stone arrow misses the blink frog.
The blink frog closely misses you. The blink frog barely misses you.
Casting: Stone Arrow (safe; 1% risk of failure)
Confirm with . or Enter, or press ? or * to list all spells.
Aiming: Stone Arrow (safe; 1% risk of failure)
Press: ? - help, Shift-Dir - straight line, f/p - blink frog
Aim: a blink frog (57% to hit)
The stone arrow hits the blink frog!!
The blink frog is almost dead.
The blink frog barely misses you.
The blink frog hits you but does no damage.
The blink frog closely misses you.
Casting: Stone Arrow (safe; 1% risk of failure)
Confirm with . or Enter, or press ? or * to list all spells.
Aiming: Stone Arrow (safe; 1% risk of failure)
Press: ? - help, Shift-Dir - straight line, f/p - blink frog
Aim: a blink frog (almost dead, 57% to hit)
The stone arrow hits the blink frog!
You kill the blink frog!
Sif Muna accepts your kill.
The blink frog hits you but does no damage.
You have reached level 12!
You feel clever.
Casting: Stone Arrow (safe; 1% risk of failure)
Confirm with . or Enter, or press ? or * to list all spells.
Aiming: Stone Arrow (safe; 1% risk of failure)
Press: ? - help, Shift-Dir - straight line, f - blink frog
Aim: a blink frog (57% to hit)
The stone arrow hits the blink frog!!
The blink frog is severely wounded.
The blink frog hits you but does no damage.
Casting: Stone Arrow (safe; 1% risk of failure)
Confirm with . or Enter, or press ? or * to list all spells.
Aiming: Stone Arrow (safe; 1% risk of failure)
Press: ? - help, Shift-Dir - straight line, f/p - blink frog
Aim: a blink frog (severely wounded, 57% to hit)
The stone arrow misses the blink frog.
The blink frog hits you!
You die...

#P.............[.......
.......
.................§.....
....#..
....).................. .
....................... .
....................... .
....................... .
...##..........†....... .
..##.#.........†###^#.. .
.#####.........#@F#.. .
.# ##.........###..#. .
#####...P#.....## ...# .
#........#....###...##..
.
###..#####...##...#......
. ###..##
#.......#.#...... . #
#...#.#
##....................
###...###
##....#................
.....P##
#......#.............#.


You could see a blink frog.

Vanquished Creatures
  Harold (D:9)
  A black mamba (Lair:1)
  A gargoyle (D:10)
  3 cane toads (Lair:2)
  An unseen horror (D:10)
  Maggie (D:7)
  3 komodo dragons
  A hornet (D:9)
  3 blink frogs (Lair:2)
  A meliai zombie (D:10)
  A wyvern (Lair:2)
  17 yaks
  3 steam dragons
  A water moccasin (Lair:2)
  4 orc warriors
  3 black bears
  A sky beast (D:5)
  An ogre (D:4)
  A necrophage (D:7)
  6 centaurs
  7 wolves
  4 phantoms
  3 kobold brigands
  4 bullfrogs
  Blork the orc (D:6)
  4 scorpions
  A gnoll sergeant (D:7)
  A wyvern zombie (D:5)
  A water moccasin skeleton (D:5)
  A troll zombie (D:9)
  3 killer bees (D:9)
  4 howler monkeys
  9 wights
  An electric eel (D:9)
  A bullfrog zombie (D:5)
  3 centaur zombies
  5 hounds
  2 jellies
  A centaur skeleton (D:6)
  2 bullfrog skeletons
  2 orc priests
  A gnoll shaman (D:8)
  6 orc wizards
  Natasha (thrice) (D:2)
  6 iguanas
  7 ogre zombies (D:9)
  A hound skeleton (D:4)
  10 gnolls
  9 adders
  3 ufetubi
  2 adder skeletons (D:4)
  2 dart slugs
  32 orcs
  4 ball pythons
  2 endoplasms (D:1)
  4 giant cockroaches
  6 hobgoblins
  2 jackals (D:3)
  4 quokkas
  6 bats
  2 frilled lizards (D:1)
  6 goblins
  2 goblin skeletons (D:9)
  5 goblin zombies (D:9)
  A hobgoblin skeleton (D:9)
  2 hobgoblin zombies (D:9)
  14 kobolds
  15 orc zombies (D:9)
  8 rats
279 creatures vanquished.

Vanquished Creatures (others)
  4 fungi
  8 plants
12 creatures vanquished.

Grand Total: 291 creatures vanquished

Notes
Turn   | Place    | Note
-------+----------+-------------------------------------------
     0 | D:1      | raph the Gargoyle Earth Elementalist began the quest for
                  | the Orb.
     0 | D:1      | Reached XP level 1. HP: 10/10 MP: 3/3
   220 | D:1      | Reached skill level 4 in Earth Magic
   285 | D:1      | Reached XP level 2. HP: 15/15 MP: 1/5
  1006 | D:1      | Learned a level 2 spell: Passwall
  1029 | D:2      | Reached skill level 5 in Earth Magic
  1029 | D:2      | Reached XP level 3. HP: 19/19 MP: 2/6
  1412 | D:2      | Reached XP level 4. HP: 24/24 MP: 4/7
  1416 | D:2      | Learned a level 3 spell: Stone Arrow
  1566 | D:2      | Reached skill level 6 in Earth Magic
  1609 | D:2      | Noticed Natasha
  1619 | D:2      | Reached skill level 1 in Conjurations
  1724 | D:2      | Killed Natasha
  1725 | D:2      | Reached XP level 5. HP: 28/28 MP: 3/8
  1783 | D:2      | Found a faded altar of an unknown god.
  2256 | D:2      | Noticed Natasha
  2274 | D:2      | Killed Natasha
  2633 | D:2      | Noticed Natasha
  2639 | D:2      | Killed Natasha
  3169 | D:3      | Found a transporter.
  3169 | D:3      | Found a transporter.
  3188 | D:3      | Noticed Jazqba's ghost (amateur TrHu)
  4421 | D:4      | Found a sacrificial altar of Ru.
  4571 | D:4      | Noticed an ogre
  4587 | D:4      | Killed an ogre
  4588 | D:4      | Reached skill level 7 in Earth Magic
  4588 | D:4      | Reached XP level 6. HP: 32/32 MP: 5/9
  5179 | D:4      | Reached XP level 7. HP: 36/36 MP: 7/10
  5212 | D:4      | Reached skill level 8 in Earth Magic
  5316 | D:4      | Found a transporter.
  5320 | D:4      | Noticed Steelback's ghost (novice HOFi)
  5338 | D:4      | Found a staircase to the Ecumenical Temple.
  5349 | Temple   | Entered the Ecumenical Temple
  5539 | Temple   | Became a worshipper of Sif Muna the Loreminder
  5582 | D:4      | Found a transporter.
  5621 | D:4      | Found a blossoming altar of Fedhas.
  5625 | D:4      | Reached skill level 5 in Conjurations
  5962 | D:5      | Entered Level 5 of the Dungeon
  6323 | D:5      | Reached skill level 1 in Fighting
  6323 | D:5      | Reached XP level 8. HP: 43/43 MP: 4/11
  6389 | D:5      | Reached skill level 1 in Invocations
  6586 | D:5      | Reached skill level 9 in Earth Magic
  6872 | D:5      | Found Diskoho's Weapon Shoppe.
  7287 | D:6      | Reached * piety under Sif Muna
  7880 | D:6      | Noticed Blork the orc
  7883 | D:6      | Killed Blork the orc
  7884 | D:6      | Reached XP level 9. HP: 51/51 MP: 7/12
  8298 | D:7      | Noticed Maggie
  8309 | D:7      | Killed Maggie
  8423 | D:7      | You fall into a shaft and drop 2 floors!
  9158 | D:5      | Bought a +4 morningstar of protection for 321 gold pieces
  9434 | D:7      | Reached skill level 10 in Earth Magic
  9446 | D:7      | Reached skill level 1 in Maces & Flails
  9469 | D:7      | Learned a level 3 spell: Ozocubu's Armour
  9548 | D:7      | Reached ** piety under Sif Muna
  9904 | D:8      | Reached skill level 1 in Ice Magic
 10023 | D:8      | Reached XP level 10. HP: 58/58 MP: 5/13
 10399 | D:9      | Found a staircase to the Orcish Mines.
 10410 | D:9      | Reached skill level 5 in Invocations
 10520 | D:9      | Reached skill level 5 in Fighting
 10609 | D:9      | Reached *** piety under Sif Muna
 10670 | D:9      | Learned a level 4 spell: Petrify
 11016 | D:9      | Found an iron altar of Okawaru.
 11042 | D:9      | Reached skill level 1 in Armour
 11334 | D:9      | Found a runed translucent gate.
 11335 | D:9      | Found a runed translucent gate.
 11335 | D:9      | Found an opulent altar of Gozag.
 11336 | D:9      | Found a runed translucent gate.
 11349 | D:9      | Noticed a deep troll earth mage
 11351 | D:9      | Noticed a manticore
 11352 | D:9      | Noticed Crownlay's ghost (journeyman GrEE)
 11385 | D:9      | Found a burning altar of Makhleb.
 12073 | D:9      | Noticed Harold
 12084 | D:9      | Killed Harold
 12123 | D:9      | Identified the +2 hand axe "Gerref" {venom, Contam rElec
                  | Str+8 Dex-5}
 12277 | D:9      | Found a glowing golden altar of the Shining One.
 12438 | D:10     | Entered Level 10 of the Dungeon
 12948 | D:9      | Reached XP level 11. HP: 49/64 MP: 16/16
 13140 | D:9      | HP: 2/64 [yak (11)]
 13511 | D:9      | Reached skill level 5 in Maces & Flails
 13837 | D:10     | Reached **** piety under Sif Muna
 13838 | D:10     | Reached skill level 11 in Earth Magic
 14030 | D:10     | Reached skill level 5 in Dodging
 14492 | D:10     | Found a broken altar of Ashenzari.
 14726 | D:10     | Found a staircase to the Lair.
 14826 | Lair:1   | Entered Level 1 of the Lair of Beasts
 15133 | Lair:1   | Learned a level 5 spell: Borgnjor's Vile Clutch
 15370 | Lair:1   | You fall into a shaft and drop 1 floor!
 15523 | Lair:2   | Reached skill level 1 in Necromancy
 16294 | Lair:2   | Identified a scroll of acquirement
 16294 | Lair:2   | Acquired the Volume of Dusty Orientation
 16743 | Lair:2   | Found a staircase to the Shoals.
 16786 | Lair:2   | Reached XP level 12. HP: 10/71 MP: 17/18
 16787 | Lair:2   | Slain by a blink frog

Illustrated notes

Levels and vault maps discovered:
D:1:      dpeg_arrival_pond, layout_loops_ring
D:2:      layout_loops_corners, hellmonk_ecumenical_altar_arch_garden,
          uniq_natasha
D:3:      layout_loops_ring, gammafunk_ghost_gnarly_gnolls,
          kennysheep_cluttered_room, minmay_pentomino_pile
D:4:      layout_basic, nicolae_ru_the_path_less_chosen, fedhas_altar_4,
          minmay_temple_entry_statues_fountains, gammafunk_ghost_stat_death,
          st_stairs_10
D:5:      layout_cave_pods, serial_shops, shop
D:6:      layout_loops_ring, hangedman_decor_lopped, uniq_blork_the_orc
D:7:      layout_loops_ring, grunt_ministairs_14, uniq_maggie
D:8:      layout_rooms
D:9:      layout_grid_maze, general_overflow_altar, grunt_temple_overflow_open,
          zombieorc2_lemuel, ebering_ghost_gozag, palyth_stone_intersect,
          minivault_14, evilmike_butchery, uniq_harold
D:10:     layout_gridville, nicolae_ashenzari_panopticon,
          grunt_lair_entry_orc_guard_hut, nicolae_figureground_pulse
Temple:   eino_temple_rhombus
Lair:1:   layout_chaotic_city, nicolae_volcano_entry_two_sided
Lair:2:   layout_layer_cave, elwin_shoals_entry_rocks, st_stairs_5

Skill      XL: |  1  2  3  4  5  6  7  8  9 10 11 |
---------------+----------------------------------+-----
Earth Magic    | 4 5 6 7 8 9 10 11 | 11.6
Conjurations   | 1 3 4 5 6 7 8 |  8.4
Fighting       | 1 3 4 5 6 |  6.5
Invocations    | 3 4 5 6 |  6.6
Dodging        | 3 4 5 |  5.3
Maces & Flails | 2 4 6 |  6.2
Ice Magic      | 1 2 3 |  3.6
Armour         | 2 3 |  3.9
Spellcasting   | 3 4 |  4.3
Necromancy     | 2 |  2.6
Stealth        | |  2.1
Transmutations | |  0.7

Action                   |  1- 3 |  4- 6 |  7- 9 | 10-12 || total
-------------------------+-------+-------+-------+-------++-------
Melee: Dagger            |    19 |       |       |       ||    19
       Mace              |    23 |    32 |    31 |       ||    86
       Morningstar       |       |       |    35 |   284 ||   319
       Punch             |       |       |       |     6 ||     6
Throw: Dart              |       |     2 |       |       ||     2
       Stone             |       |     1 |       |       ||     1
 Cast: Sandblast         |    23 |    51 |   132 |    75 ||   281
       Stone Arrow       |       |    22 |    28 |    51 ||   101
       Ozocubu's Armour  |       |       |       |     4 ||     4
Invok: Channel Magic     |       |       |       |     2 ||     2
Evoke: Condenser vane    |       |       |       |     1 ||     1
  Use: Scroll            |       |     7 |     7 |     6 ||    20
       Potion            |       |       |     1 |     1 ||     2
 Stab: Sleeping          |     1 |     1 |       |       ||     2
Armor: Robe              |    17 |    34 |    40 |       ||    91
       Swamp dragon scal |       |       |    74 |   376 ||   450
Dodge: Dodged            |    34 |    37 |   102 |   327 ||   500
